 Dungeon Sprint DCSS version 0.21.0-3-g78d12a8 (webtiles) character file.

5344 Faca the Severer (level 10, -3/90 HPs)
             Began as a Formicid Fighter on Jan 11, 2018.
             Was the Champion of Cheibriados.
             Slain by a dire elephant (14 damage)
             ... in the Dungeon (Sprint IX: "|||||||||||||||||||||||||||||").
             The game lasted 00:03:22 (852 turns).

Faca the Severer (Formicid Fighter)                  Turns: 852, Time: 00:03:22

Health: -3/90      AC: 26    Str: 38    XL:     10   Next: 96%
Magic:  10/10      EV:  9    Int: 24    God:    Cheibriados [******]
Gold:   7          SH: 17    Dex: 28    Spells: 9/9 levels left

rFire    . . .     SeeInvis +   p - +2 morningstar (protect)
rCold    . . .     Gourm    .   c - +0 shield
rNeg     . . .     Faith    .   r - +0 plate armour
rPois    .         Spirit   .   (helmet unavailable)
rElec    .         Reflect  .   q - +0 cloak
rCorr    .         Harm     .   (no gloves)
MR       +....                  (no boots)
Stlth    ..........             (no amulet)
HPRegen  0.25/turn              s - +3 ring of strength
MPRegen  0.12/turn              t - +2 ring of protection

@: protection aura, very slow
A: permanent stasis, dig shafts and tunnels, four strong arms, antennae 3
a: Dig, Bend Time, Temporal Distortion, Slouch, Step From Time, Renounce
Religion


You were in the Dungeon.
You worshipped Cheibriados.
Cheibriados was exalted by your worship.
You were not hungry.

You visited 1 branch You collected 7 gold pieces.

Inventory:

Hand Weapons
 o - a +1 broad axe of chopping
 p - a +2 morningstar of protection (weapon)
Armour
 c - a +0 shield (worn)
 q - a +0 cloak (worn)
 r - a +0 plate armour (worn)
Jewellery
 s - a +3 ring of strength (left hand)
 t - a +2 ring of protection (right hand)
Wands
 n - a wand of acid (10)
Scrolls
 j - 2 scrolls of identify
 k - 2 scrolls of fog
 l - 4 scrolls of remove curse
Potions
 a - 2 potions of agility
 b - 3 potions of brilliance
 d - a potion of invisibility
 e - 5 potions of curing
 g - a potion of heal wounds
 h - a potion of mutation
 i - 4 potions of magic
Comestibles
 f - a ration


   Skills:
 + Level 12.5 Fighting
 * Level 15.2 Axes
 + Level 12.5 Armour
 + Level 13.4 Shields


You had 9 spell levels left.
You didn't know any spells.

Dungeon Overview and Level Annotations

Branches:
Dungeon (1/1)

Altars:
Cheibriados
Dithmenos
Elyvilon
Fedhas
Gozag
Hepliaklqana
Kikubaaqudgha
Makhleb
Nemelex Xobeh
Okawaru
Qazlal
Ru
Sif Muna
Trog
Uskayaw
Vehumet
Wu Jian
Xom
Yredelemnul
Zin
The Shining One
Beogh
Jiyva
Lugonu


Innate Abilities, Weirdness & Mutations

You cannot be hasted, slowed, berserked, paralysed or teleported.
You can dig through walls and to a lower floor.
Your four strong arms can wield two-handed weapons with a shield.
You have a pair of large antennae on your head. (SInv)


Message History

You stumble backwards!
You puncture the dire elephant!
The dire elephant is lightly wounded.
The dire elephant tramples you.
* * * LOW HITPOINT WARNING * * *
You stumble backwards!
You sock the dire elephant!
The dire elephant is lightly wounded.
The dire elephant tramples you.
* * * LOW HITPOINT WARNING * * *
You stumble backwards!
You hit the dire elephant.
The dire elephant is moderately wounded.
The dire elephant tramples you.
* * * LOW HITPOINT WARNING * * *
You stumble backwards!
You hit the dire elephant but do no damage.
The dire elephant is moderately wounded.
The dire elephant tramples you!
You die...

{
▓.▓.▓_▓
{
▓.▓.▓_▓
{
▓÷▓.▓_▓
{
▓.▓.▓_▓
{
▓.▓.▓_▓
{
▓.▓.▓_▓
{
▓.▓.▓_▓
{
▓.▓.▓_▓
▓@▓.▓_▓
{
{▓Y▓.▓_▓
{
▓Y▓.▓_▓
{
▓Y▓.▓_▓
{
▓÷▓.▓_▓
{
▓Y▓.▓_▓
{
▓.▓.▓_▓
{
▓Y▓.▓_▓
{
▓.▓.▓_▓


You could see a dire elephant and 4 elephants.

Vanquished Creatures
  2 dire elephants (D)
  A black mamba (D)
  3 spiny frogs (D)
  2 rime drakes (D)
  A hornet (D)
  A wyvern (D)
  A hungry ghost (D)
  A porcupine (D)
  3 water moccasins (D)
  2 ice beasts (D)
  A sky beast (D)
  2 ogres (D)
  4 crocodiles (D)
  4 bullfrogs (D)
  A howler monkey (D)
  A jelly (D)
  A hell rat (D)
  A worker ant (D)
  An ooze (D)
  An adder skeleton (D)
  A leopard gecko (D)
  An orc (D)
  A bat (D)
  A bat zombie (D)
  A hobgoblin (D)
  A quokka (D)
  A frilled lizard (D)
  A kobold (D)
42 creatures vanquished.

Notes
Turn   | Place    | Note
-------+----------+-------------------------------------------
     0 | D        | Faca the Formicid Fighter began the quest for the Orb.
     0 | D        | Reached XP level 1. HP: 18/18 MP: 1/1
    11 | D        | Reached skill level 3 in Axes
    11 | D        | Reached XP level 2. HP: 25/25 MP: 2/2
    21 | D        | Noticed an ogre
    21 | D        | Noticed a sky beast
    32 | D        | Killed an ogre
    32 | D        | Reached skill level 5 in Fighting
    32 | D        | Reached skill level 5 in Axes
    32 | D        | Reached skill level 5 in Armour
    32 | D        | Reached skill level 5 in Shields
    32 | D        | Reached XP level 3. HP: 13/33 MP: 3/3
    32 | D        | Reached XP level 4. HP: 16/39 MP: 4/4
    36 | D        | Killed a sky beast
    36 | D        | Reached skill level 7 in Axes
    36 | D        | Reached XP level 5. HP: 20/47 MP: 5/5
    43 | D        | Found a roughly hewn altar of Beogh.
    43 | D        | Found a snail-covered altar of Cheibriados.
    43 | D        | Found a shadowy altar of Dithmenos.
    43 | D        | Found a white marble altar of Elyvilon.
    43 | D        | Found a blossoming altar of Fedhas.
    43 | D        | Found an opulent altar of Gozag.
    44 | D        | Found a hazy altar of Hepliaklqana.
    45 | D        | Found a viscous altar of Jiyva.
    46 | D        | Found an ancient bone altar of Kikubaaqudgha.
    47 | D        | Became a worshipper of Cheibriados the Contemplative
    48 | D        | Found a corrupted altar of Lugonu.
    49 | D        | Found a burning altar of Makhleb.
    50 | D        | Found a sparkling altar of Nemelex Xobeh.
    51 | D        | Found an iron altar of Okawaru.
    52 | D        | Found a stormy altar of Qazlal.
    53 | D        | Found a sacrificial altar of Ru.
    54 | D        | Found a deep blue altar of Sif Muna.
    55 | D        | Found a bloodstained altar of Trog.
    56 | D        | Found a hide-covered altar of Uskayaw.
    57 | D        | Found a radiant altar of Vehumet.
    58 | D        | Found an ornate altar of the Wu Jian Council.
    59 | D        | Found a shimmering altar of Xom.
    60 | D        | Found a basalt altar of Yredelemnul.
    61 | D        | Found a glowing silver altar of Zin.
    62 | D        | Found a glowing golden altar of the Shining One.
   215 | D        | Noticed a bullfrog
   215 | D        | Noticed an ice beast
   215 | D        | Noticed an ice beast
   218 | D        | Killed a bullfrog
   218 | D        | Reached XP level 6. HP: 53/53 MP: 6/6
   220 | D        | Reached * piety under Cheibriados
   220 | D        | Reached skill level 8 in Axes
   226 | D        | Reached ** piety under Cheibriados
   235 | D        | Killed an ice beast
   235 | D        | Reached skill level 9 in Axes
   235 | D        | Reached XP level 7. HP: 61/61 MP: 7/7
   238 | D        | Reached *** piety under Cheibriados
   246 | D        | Noticed a hornet
   246 | D        | Noticed a hungry ghost
   255 | D        | Killed a hornet
   255 | D        | Reached skill level 10 in Axes
   255 | D        | Reached XP level 8. HP: 70/70 MP: 8/8
   263 | D        | Reached **** piety under Cheibriados
   265 | D        | Reached skill level 11 in Axes
   272 | D        | Reached ***** piety under Cheibriados
   272 | D        | Reached skill level 10 in Shields
   461 | D        | Noticed a black mamba
   461 | D        | Noticed a spiny frog
   466 | D        | Killed a black mamba
   470 | D        | Reached XP level 9. HP: 78/78 MP: 9/9
   478 | D        | Reached skill level 10 in Fighting
   478 | D        | Reached skill level 12 in Axes
   478 | D        | Reached skill level 10 in Armour
   482 | D        | Killed a spiny frog
   489 | D        | Noticed a rime drake
   490 | D        | Reached ****** piety under Cheibriados
   492 | D        | Killed a rime drake
   492 | D        | Reached skill level 13 in Axes
   505 | D        | Noticed a rime drake
   505 | D        | Noticed a spiny frog
   509 | D        | Noticed a spiny frog
   525 | D        | Killed a rime drake
   525 | D        | Reached XP level 10. HP: 49/88 MP: 10/10
   532 | D        | Killed a spiny frog
   532 | D        | Reached skill level 14 in Axes
   534 | D        | Killed a spiny frog
   811 | D        | Noticed an elephant
   811 | D        | Noticed a dire elephant
   811 | D        | Noticed a dire elephant
   811 | D        | Noticed an elephant
   811 | D        | Noticed an elephant
   811 | D        | Noticed a dire elephant
   818 | D        | Noticed an elephant
   828 | D        | Killed a dire elephant
   847 | D        | Killed a dire elephant
   847 | D        | Reached skill level 15 in Axes
   852 | D        | Slain by a dire elephant

Skill      XL: |  1  2  3  4  5  6  7  8  9 10 |
---------------+-------------------------------+-----
Axes           | 3 5 7 9 10 11 13 15 | 15.2
Shields        | 4 5 6 7 8 9 10 12 13 | 13.4
Fighting       | 5 6 7 8 9 11 12 | 12.5
Armour         | 5 6 7 8 9 11 12 | 12.5

Action                   |  1- 3 |  4- 6 |  7- 9 | 10-12 || total
-------------------------+-------+-------+-------+-------++-------
Melee: War axe           |    21 |     4 |       |       ||    25
       Broad axe         |       |    20 |    80 |    49 ||   149
       Morningstar       |       |       |       |     8 ||     8
  Use: Potion            |     1 |       |       |     2 ||     3
  Eat: Chunk             |       |       |     2 |       ||     2
Armor: Scale mail        |    10 |     1 |       |       ||    11
       Plate armour      |       |     9 |    20 |    18 ||    47
Dodge: Dodged            |    12 |     8 |     7 |     6 ||    33
Block: Shield            |    20 |     7 |    54 |    33 ||   114
